 Dungeon Crawl Stone Soup version 0.30-a0-141-g30f27751c5 (webtiles) character file.

Game seed: 1921046714436833319

29 qw the Shield-Bearer (level 3, -1/23 HPs)
             Began as a Gargoyle Fighter on Sept 24, 2022.
             Killed from afar by Sigmund (12 damage)
             ... with a puff of flame
             ... on level 2 of the Dungeon.
             The game lasted 00:00:24 (1493 turns).

qw the Shield-Bearer (Gargoyle Fighter)             Turns: 1493, Time: 00:00:25

Health: -1/23      AC: 12    Str: 21    XL:     3   Next: 16%
Magic:  3/3        EV:  7    Int:  8    God:
Gold:   61         SH:  4    Dex:  9    Spells: 2/2 levels left

rFire   . . .      SeeInvis .    Y - +0 war axe
rCold   . . .      Faith    .    c - +0 buckler
rNeg    + . .      Spirit   .    f - +0 chain mail
rPois   inf        Reflect  .    (no helmet)
rElec   +          Harm     .    (no cloak)
rCorr   .          Rampage  .    (no gloves)
Will    .....                    (no boots)
Stlth   ..........               (no amulet)
HPRegen 0.07/turn                (no ring)
MPRegen 0.08/turn                (no ring)

@: no status effects
A: sickness immunity, AC +3, negative energy resistance 1, electricity
resistance, torment resistance 1, petrification resistance
a: no special abilities


You were on level 2 of the Dungeon.
You visited 1 branch of the dungeon, and saw 2 of its levels.

You collected 61 gold pieces.


Innate Abilities, Weirdness & Mutations

You are immune to sickness and miasma.
Your stone body is resilient. (AC +3)
You are immune to poison.
You resist negative energy. (rN+)
You are resistant to electric shocks. (rElec)
You are resistant to unholy torment.
You are immune to petrification.


   Skills:
 - Level 3.2 Fighting
 + Level 3.2 Axes
 - Level 3.2 Armour
 - Level 3.2 Shields


You had 2 spell levels left.
You didn't know any spells.
Your spell library was empty.

Inventory:

Hand Weapons
 n - a +0 club
 Y - a +0 war axe (weapon)
Armour
 c - a +0 buckler (worn)
 f - a +0 chain mail (worn)
Jewellery
 l - a ring of fire
Scrolls
 a - a scroll of identify
Potions
 d - a potion of might
 g - 3 potions of curing
 i - a potion of cancellation
 k - a potion of brilliance {unknown}
 o - a potion of heal wounds {unknown}

Dungeon Overview and Level Annotations

Branches:
Dungeon (2/15)

Altars:

Annotations:
D:2 Sigmund


Message History

You swing at nothing.
Something hits you.
You swing at nothing.
Something hits you but does no damage.
You swing at nothing.
You swing at nothing.
Something hits you but does no damage.
You swing at nothing.
Something hits you.
You swing at nothing.
You block something's attack.
You swing at nothing.
Something hits you but does no damage.
You swing at nothing.
Something hits you but does no damage.
You swing at nothing.
Something hits you.
You swing at nothing.
You hear some strange, mumbled words.
Something tries to affect you, but you resist.
You swing at nothing.
You hear some strange, mumbled words.
You are confused.
You hear some strange, mumbled words.
A puff of flame appears from out of thin air!
The puff of flame hits you.
1489 ||| DRINKING 4 potions of curing.
You feel better.
1489 ||| (to cure confusion)
Something hits you but does no damage.
You swing at nothing.
You swing at nothing.
Something hits you but does no damage.
You swing at nothing.
You block something's attack.
You swing at nothing.
You hear some strange, mumbled words.
A puff of flame appears from out of thin air!
The puff of flame hits you!
Ouch! That really hurt!
You die...

#..##.#.# #...
#..##.#.# #...
#..##.#.. #...
#..##.### #...
#..##.# #...
#..##.# ..{
#..##.#
#.#########..##.#
#.@..........#
############.#
#.........<..#
#)############
#........#
#....#.###
#.####.# #......#
########


There were no monsters in sight!

Vanquished Creatures
  A dart slug (D:1)
  A bat (D:2)
  5 endoplasms
  A giant cockroach (D:1)
  3 goblins
  3 hobgoblins (D:1)
  A quokka (D:1)
  A ball python (D:1)
  A frilled lizard (D:1)
  4 kobolds (D:1)
  2 rats (D:1)
23 creatures vanquished.

Vanquished Creatures (others)
  A fungus (D:1)
1 creature vanquished.

Grand Total: 24 creatures vanquished

Notes
Turn   | Place    | Note
-------+----------+-------------------------------------------
     0 | D:1      | qw the Gargoyle Fighter began the quest for the Orb.
     0 | D:1      | Reached XP level 1. HP: 14/14 MP: 1/1
     0 | D:1      | 0 ||| qw: Version: 0.1.0-9-gbc19398
     0 | D:1      | 0 ||| qw: Game counter: 68
     0 | D:1      | 0 ||| qw: Always use a shield: true
     0 | D:1      | 0 ||| qw: God list: Okawaru
     0 | D:1      | 0 ||| qw: Allow faded altars: false
     0 | D:1      | 0 ||| qw: Do Orc after D:15 true
     0 | D:1      | 0 ||| qw: Do second Lair branch before Depths: true
     0 | D:1      | 0 ||| qw: Lair rune preference: random
     0 | D:1      | 0 ||| qw: Plans: Normal, Zot:1-4, God:TSO, Crypt, Tomb,
                  | Pan, Slime:5, Hells, Abyss, Orb
     0 | D:1      | 0 ||| PLANNING D:1-11
   286 | D:1      | 286 ||| Stepping ~*~*~tactically~*~*~ (stealth).
   301 | D:1      | Reached XP level 2. HP: 15/19 MP: 2/2
  1015 | D:1      | Reached skill level 3 in Axes
  1080 | D:1      | Reached XP level 3. HP: 21/23 MP: 3/3
  1155 | D:1      | Found a faded altar of an unknown god.
  1288 | D:1      | 1288 ||| UPGRADING to +0 chain mail.
  1298 | D:1      | 1298 ||| DROPPING +0 scale mail.
  1299 | D:1      | 1299 ||| READING 3 scrolls labelled PUVOTW LOUN.
  1300 | D:1      | 1300 ||| READING scroll labelled SAGOEX SUFAUCE.
  1301 | D:1      | 1301 ||| READING scroll labelled WUDAQUUBEX.
  1302 | D:1      | 1302 ||| DRINKING 5 silvery potions.
  1303 | D:1      | 1303 ||| DRINKING 2 dark potions.
  1304 | D:1      | 1304 ||| READING 2 scrolls of identify.
  1304 | D:1      | 1304 ||| IDENTIFYING purple potion
  1305 | D:1      | 1305 ||| DROPPING potion of flight.
  1471 | D:2      | Noticed Sigmund
  1488 | D:2      | HP: 1/23 [something/puff of flame (6)]
  1489 | D:2      | 1489 ||| DRINKING 4 potions of curing.
  1489 | D:2      | 1489 ||| (to cure confusion)
  1493 | D:2      | Killed from afar by Sigmund

Levels and vault maps discovered:
D:1:      ebering_trefoil_twist, layout_basic, shapermc_ecumenical_altar_petra
D:2:      layout_basic, uniq_sigmund

Skill      XL: |  1  2 |
---------------+-------+-----
Axes           | 2 3 |  3.2
Fighting       | |  3.2
Armour         | |  3.2
Shields        | |  3.2

Action                   || total
-------------------------++-------
Melee: War axe           ||    68
  Use: Scroll            ||     4
       Potion            ||     3
Armor: Scale mail        ||    20
       Chain mail        ||    16
Dodge: Dodged            ||    21
Block: Buckler           ||    12

Table legend:
 A = Non-vault XP
 B = Vault XP
 C = Vault XP percentage of total XP
 D = Non-vault monster count
 E = Vault monster count
 F = Vault count percentage of total count
                 A         B        C        D         E       F
            +---------+---------+-------+---------+---------+-------
      Total |      42 |       0 |   0.0 |      23 |       0 |   0.0
            +---------+---------+-------+---------+---------+-------
        D:1 |      36 |       0 |   0.0 |      20 |       0 |   0.0
        D:2 |       6 |       0 |   0.0 |       3 |       0 |   0.0
            +---------+---------+-------+---------+---------+-------
